 Dungeon Crawl Stone Soup version 0.32-a0-485-g70f7560b1c (webtiles) character file.

Game seed: 5492708637005386820

163 horus123 the Magician (level 5, 0/24 (28) HPs)
             Began as a Deep Elf Conjurer on Feb 27, 2024.
             Slain by Edmund
             ... wielding a +3 flail of draining
              (1 damage)
             ... on level 4 of the Dungeon.
             The game lasted 00:04:19 (3069 turns).

horus123 the Magician (Deep Elf Conjurer)           Turns: 3069, Time: 00:04:20

HP:   0/24 (28)     AC:  2    Str:  4    XL:     5   Next: 20%
MP:   9/16          EV: 12    Int: 25    God:
Gold: 121           SH:  0    Dex: 13    Spells: 7/18 levels left

rFire   . . .        p - +2 dagger (distort)
rCold   . . .        (no shield)
rNeg    . . .        a - +0 robe
rPois   .            (no helmet)
rElec   .            (no cloak)
rCorr   .            (no gloves)
SInv    .            (no boots)
Will    .....        (no amulet)
Stlth   ++           (no ring)
HPRegen 0.24/turn    (no ring)
MPRegen 0.15/turn

%: no passive effects
@: heavily drained
A: no striking features
a: no special abilities


You were on level 4 of the Dungeon.
You visited 1 branch of the dungeon, and saw 4 of its levels.

You collected 121 gold pieces.

Inventory:

Hand Weapons
 g - a +0 falchion
 p - a +2 dagger of distortion (weapon)
Armour
 a - a +0 robe (worn)
Magical Staves
 n - a staff of fire
Scrolls
 c - a scroll of immolation
 f - a scroll of enchant weapon
 i - a scroll of amnesia
 j - a scroll of brand weapon {unknown}
 o - a scroll of teleportation {unknown}
Potions
 b - 3 potions of magic
 d - a potion of heal wounds {unknown}
 e - a potion of berserk rage {unknown}
 h - a potion of resistance {unknown}
 k - a potion of cancellation {unknown}
 l - 2 potions of mutation {unknown}
 m - a potion of might {unknown}
 q - a potion of curing {unknown}


   Skills:
 - Level 2.4 Dodging
 - Level 2.4 Stealth
 + Level 7.4 Spellcasting
 - Level 4.3 Conjurations


You had 7 spell levels left.
You knew the following spells:

 Your Spells              Type           Power      Damage    Failure   Level
a - Magic Dart            Conj           100%       1d8       1%          1
b - Searing Ray           Conj           62%        2d6       1%          2
c - Swiftness             Air            9%         N/A       19%         3
d - Shock                 Conj/Air       80%        1d8       2%          1
e - Iskenderun's Mystic   Conj/Tloc      20%        2d6       26%         4

Your spell library contained the following spells:

 Spells                   Type           Power      Damage    Failure   Level
 Sting                    Conj/Alch      80%        1d8       2%          1
 Apportation              Tloc           18%        N/A       6%          1
 Necrotise                Necr           36%        1d5       6%          1
 Summon Small Mammal      Summ           36%        N/A       6%          1
 Fulminant Prism          Conj/Alch      10%        3d9       26%         4
 Airstrike                Air            4%         2d(1-17)  54%         4


Dungeon Overview and Level Annotations

Branches:
Dungeon (4/15)
 Temple: D:4-7

Altars:

Shops:
D:3 =?![!

Annotations:
D:4 Edmund


Message History

Edmund shouts!
Casting: Magic Dart (safe; 1% risk of failure)
Confirm with . or Enter, or press ? or * to list all spells.
Aiming: Searing Ray (safe; 1% risk of failure)
Press: ? - help, Shift-Dir - straight line, f - Edmund
Aim: Edmund, wielding a +3 flail of draining and wearing a +0 leather armour (79% to hit)
The searing ray hits Edmund.
Edmund is lightly wounded. (Press . to maintain the ray.)
The searing ray hits Edmund.
Edmund is lightly wounded.
Edmund hits you with a +3 flail of draining!
You feel drained.
The searing ray hits Edmund!
Edmund is moderately wounded.
Edmund barely misses you.
The searing ray hits Edmund but does no damage.
Edmund is moderately wounded.
You finish channelling your searing ray.
Edmund hits you with a +3 flail of draining!
You feel drained.
Casting: Searing Ray (safe; 1% risk of failure)
Confirm with . or Enter, or press ? or * to list all spells.
Okay, then.
Casting: Searing Ray (safe; 1% risk of failure)
Confirm with . or Enter, or press ? or * to list all spells.
Aiming: Searing Ray (safe; 1% risk of failure)
Press: ? - help, Shift-Dir - straight line, f/p - Edmund
Aim: Edmund, wielding a +3 flail of draining and wearing a +0 leather armour (moderately wounded, 79% to hit)
The searing ray hits Edmund.
Edmund is moderately wounded. (Press . to maintain the ray.) Edmund barely misses you.
The searing ray hits Edmund.
Edmund is heavily wounded.
Edmund hits you with a +3 flail of draining!
* * * LOW HITPOINT WARNING * * *
You feel drained.
You die...
Edmund whines, "They better pay attention to me now!"

#.# ### ../...#
#...#.## #......
#...#.# # #..##@##
.# #..#.@.##.#
#.........##
#########...........
................####
##.######.......#
#......###
#......###
####........#
#...........###


You could see Edmund.

Vanquished Creatures
  A scorpion (D:3)
  5 adders
  A dart slug (D:1)
  A ribbon worm (D:3)
  2 orcs
  3 bats (D:1)
  5 endoplasms
  4 giant cockroaches
  5 goblins (D:1)
  5 hobgoblins
  8 kobolds
  2 quokkas
  3 ball pythons
  5 frilled lizards
  5 rats
55 creatures vanquished.

Notes
Turn   | Place    | Note
-------+----------+-------------------------------------------
     0 | D:1      | horus123 the Deep Elf Conjurer began the quest for the Orb.
     0 | D:1      | Reached XP level 1. HP: 10/10 MP: 6/6
   308 | D:1      | Reached skill level 4 in Spellcasting
   308 | D:1      | Reached XP level 2. HP: 15/15 MP: 7/9
  1102 | D:1      | Reached XP level 3. HP: 19/19 MP: 9/11
  1138 | D:1      | Reached skill level 5 in Spellcasting
  1141 | D:1      | Learned a level 2 spell: Searing Ray
  1145 | D:1      | Learned a level 3 spell: Swiftness
  1147 | D:1      | Learned a level 1 spell: Shock
  2245 | D:3      | Found Tiasmiem's Distillery.
  2260 | D:3      | Reached XP level 4. HP: 24/24 MP: 11/13
  2293 | D:3      | Reached skill level 6 in Spellcasting
  2317 | D:3      | Found Tubb's Distillery.
  2570 | D:3      | Found Vojoit's Jewellery Emporium.
  2582 | D:3      | Learned a level 4 spell: Iskenderun's Mystic Blast
  2593 | D:3      | Found Nyid Tei's Magic Scroll Emporium.
  2638 | D:3      | Found Nathos's Armour Shoppe.
  2640 | D:3      | Identified the +5 war axe "Jiasoppajy" {pain, Dex+3}
  2800 | D:3      | Noticed a scorpion
  2806 | D:3      | Killed a scorpion
  2807 | D:3      | Reached skill level 7 in Spellcasting
  2807 | D:3      | Reached XP level 5. HP: 28/28 MP: 7/16
  3063 | D:4      | Noticed Edmund
  3069 | D:4      | HP: 1/26 [Edmund/+3 flail of draining (9)]
  3069 | D:4      | Slain by Edmund

Illustrated notes

Levels and vault maps discovered:
D:1:      co_arrival_random_square_maze, layout_loops_corners,
          corexii_item_surrounded_by_moat
D:2:      layout_loops_cross, hangedman_abyss_or_decor_lesser_grid
D:3:      layout_basic, serial_shops, nicolae_shop_advertising_works
          [nicolae_subvault_shop_adworks], shop, shop, nicolae_shop_tiny_glass,
          shop, glass_columns_c
D:4:      layout_loops_ring, mainiacjoe_overflow_boulevard,
          mainiacjoe_overflow_alcove_4, mainiacjoe_overflow_alcove_1,
          uniq_menkaure, uniq_edmund

Skill      XL: |  1  2  3  4 |
---------------+-------------+-----
Spellcasting   | 4 5 7 |  7.4
Dodging        | |  2.4
Stealth        | |  2.4
Conjurations   | |  4.3

Action                     |  1- 3 |  4- 6 || total
---------------------------+-------+-------++-------
  Melee: Dagger            |       |     6 ||     6
   Cast: Magic Dart        |    78 |    19 ||    97
         Searing Ray       |       |     3 ||     3
    Use: Scroll            |       |     3 ||     3
 Armour: Robe              |     2 |     4 ||     6
  Dodge: Dodged            |     2 |     8 ||    10

Table legend: (Time is in decaauts)
 A = Elapsed time spent in this place.
 B = Non-inter-level travel time spent in this place.
 C = Inter-level travel time spent in this place.
 D = Time resting spent in this place.
 E = Time spent auto-exploring this place.
 F = Levels seen in this place.
 G = Mean time per level.
                   A        B        C        D        E       F      G
               +--------+--------+--------+--------+--------+-----+--------+
         Total |   3066 |   2991 |     75 |      0 |   2714 |   4 |  766.5 |
       Dungeon |   3066 |   2991 |     75 |      0 |   2714 |   4 |  766.5 |
               +--------+--------+--------+--------+--------+-----+--------+

Top non-repeatable levels by time:
     D:1: 1405 daAuts
     D:2: 821 daAuts
     D:3: 777 daAuts
     D:4: 62 daAuts
